 Dungeon Crawl Stone Soup version 0.30-a0-1050-g2766ea1e55 (webtiles) character file.

Game seed: 9723986550046019170

384 MacCMillion the Shooter (level 6, -1/48 HPs)
             Began as a Demigod Hunter on Apr 11, 2023.
             Slain by an orc
             ... wielding a +0 short sword
              (2 damage)
             ... on level 5 of the Dungeon.
             The game lasted 00:03:43 (2648 turns).

MacCMillion the Shooter (Demigod Hunter)            Turns: 2648, Time: 00:03:44

Health: -1/48      AC:  4    Str: 12    XL:     6   Next: 23%
Magic:  8/8        EV: 12    Int: 11    God:
Gold:   192        SH:  0    Dex: 25    Spells: 5/5 levels left

rFire   . . .      SeeInvis .    p - +3 sling (elec)
rCold   . . .      Faith    .    (no shield)
rNeg    . . .      Spirit   .    c - +0 leather armour
rPois   .          Reflect  .    (no helmet)
rElec   .          Rampage  .    (no cloak)
rCorr   .                        l - +0 pair of gloves
Will    .....                    (no boots)
Stlth   ++                       (no amulet)
HPRegen 0.28/turn                (no ring)
MPRegen 0.11/turn                (no ring)

@: no status effects
A: high MP 1, forlorn, divine attributes
a: no special abilities


You were on level 5 of the Dungeon.
You visited 1 branch of the dungeon, and saw 6 of its levels.

You collected 192 gold pieces.

Inventory:

Hand Weapons
 a - a +0 shortbow
 n - the +6 quarterstaff of the Briny Deep {speed, rF- Will+ Int+3 SInv}
   (You found it on level 2 of the Dungeon)

   Int:       It affects your intelligence (+3).
   rF:        It makes you vulnerable to fire.
   SInv:      It lets you see invisible.
   Will:      It increases your willpower.
 p - a +3 sling of electrocution (weapon)
Armour
 c - a +0 leather armour (worn)
 l - a +0 pair of gloves (worn)
Jewellery
 g - a ring of wizardry
 r - a ring of protection from fire
Scrolls
 b - 2 scrolls of immolation
 d - 2 scrolls of fear
 h - a scroll of identify {unknown}
Potions
 e - a potion of mutation {unknown}
 f - a potion of brilliance {unknown}
 i - 4 potions of curing {unknown}
 k - a potion of lignification {unknown}
 m - 3 potions of heal wounds {unknown}
 o - a potion of degeneration {unknown}
 q - 2 potions of ambrosia {unknown}


   Skills:
 - Level 1.9 Fighting
 + Level 6.9 Ranged Weapons
 - Level 1.9 Dodging
 - Level 2.0 Stealth


You had 5 spell levels left.
You didn't know any spells.
Your spell library contained the following spells:

 Spells                   Type           Power      Damage    Failure   Level
 Gell's Gravitas          Tloc           0%         N/A       80%         3
 Teleport Other           Tloc           0%         N/A       80%         3
 Dispersal                Tloc           0%         N/A       100%        6


Dungeon Overview and Level Annotations

Branches:
Dungeon (6/15)
 Temple: D:4-7

Shops:
D:1 =

Annotations:
D:6 1 transporter, Maggie; Prince Ribbit; xsansara's ghost, novice TrFi


Innate Abilities, Weirdness & Mutations

You have an increased reservoir of magic. (+10% MP)
You shall have no god before yourself.
Your divine heritage dramatically boosts your attributes as you level up.


Message History

The sling bullet barely misses Prince Ribbit.
The iguana hisses angrily.
You shoot a sling bullet. The sling bullet hits Prince Ribbit!
Prince Ribbit is moderately wounded.
You shoot a sling bullet.
The sling bullet barely misses Prince Ribbit.
Prince Ribbit blinks!
Found a scroll labelled ASETY COSTRUDGH.
Found a stone staircase leading up.
Found a scroll labelled TUF JAPYALAE.
Prince Ribbit blinks!
Found 4 stones.
Prince Ribbit hits you. The iguana bites you!
The iguana attacks as you move away! The iguana bites you!
Prince Ribbit hits you! The iguana attacks as you move away!
The iguana bites you!
* * * LOW HITPOINT WARNING * * *
Prince Ribbit hits you but does no damage.
The iguana closely misses you.
Prince Ribbit blinks!
There is a stone staircase leading up here.
The iguana bites you but does no damage.
The orc hits you with a +0 short sword.
* * * LOW HITPOINT WARNING * * *
The orc hits you but does no damage.
You climb upwards.
Found 10 gold pieces.
There is a stone staircase leading down here.
The iguana attacks as you move away! The iguana closely misses you.
The orc closely misses you.
You are too injured to fight recklessly!
You are too injured to fight recklessly!
Fire: p) +3 sling (elec)
Press: ? - help, Q - select action Shift-Dir - straight line, f - iguana
Aim: an iguana (71% to hit)
You shoot a sling bullet.
The sling bullet closely misses the iguana.
The orc hits you with a +0 club.
* * * LOW HITPOINT WARNING * * *
The iguana barely misses you. The orc hits you with a +0 short sword.
You die...

. .. ...
....
#######.....
#........#
#..l@....#
#$.oo....#
#........#
#........#
##########


You could see an iguana and 2 orcs.

Vanquished Creatures
  An ice beast (D:6)
  A bullfrog (D:6)
  A scorpion (D:6)
  A vampire bat (D:3)
  An iguana (D:6)
  4 adders
  A shadow imp (D:6)
  2 worms
  A dart slug (D:2)
  An orc (D:6)
  5 endoplasms
  2 giant cockroaches (D:2)
  5 goblins
  6 hobgoblins
  3 jackals (D:2)
  3 kobolds
  2 quokkas
  4 ball pythons
  11 bats
  2 frilled lizards (D:3)
  4 rats
61 creatures vanquished.

Notes
Turn   | Place    | Note
-------+----------+-------------------------------------------
     0 | D:1      | MacCMillion the Demigod Hunter began the quest for the Orb.
     0 | D:1      | Reached XP level 1. HP: 17/17 MP: 3/3
     7 | D:1      | Reached skill level 1 in Stealth
   247 | D:1      | Found Reck's Jewellery Boutique.
   255 | D:1      | Reached XP level 2. HP: 24/24 MP: 4/4
   675 | D:2      | Reached skill level 4 in Ranged Weapons
   890 | D:2      | Reached XP level 3. HP: 29/29 MP: 5/5
  1033 | D:2      | Identified the +6 quarterstaff of the Briny Deep {speed,
                  | rF- Will+ Int+3 SInv}
  1338 | D:3      | Reached XP level 4. HP: 36/36 MP: 6/6
  1477 | D:3      | Reached skill level 5 in Ranged Weapons
  1862 | D:3      | Identified the +1 rapier of the Brain {venom, rC++ Int+2}
  2460 | D:4      | You fall into a shaft and drop 2 floors!
  2469 | D:6      | Noticed xsansara's ghost (novice TrFi)
  2469 | D:6      | Noticed a bullfrog
  2473 | D:6      | Noticed an ice beast
  2479 | D:6      | Killed a bullfrog
  2480 | D:6      | Reached XP level 5. HP: 41/41 MP: 7/7
  2482 | D:6      | Reached skill level 6 in Ranged Weapons
  2483 | D:6      | Identified the +5 giant club of Sock {flame, rF+ Str+4
                  | Int+3 Dex+3}
  2483 | D:6      | Identified the +4 great mace "Gioribidgh" {venom, Will+
                  | Stlth+}
  2483 | D:6      | Noticed a two-headed ogre
  2487 | D:6      | Killed an ice beast
  2531 | D:6      | Noticed an ogre
  2544 | D:6      | Reached XP level 6. HP: 48/48 MP: 8/8
  2602 | D:6      | Noticed Maggie
  2605 | D:6      | Found a transporter.
  2629 | D:6      | Noticed Prince Ribbit
  2645 | D:6      | HP: 1/48 [orc/+0 short sword (4)]
  2646 | D:5      | Entered Level 5 of the Dungeon
  2648 | D:5      | Slain by an orc

Illustrated notes

Levels and vault maps discovered:
D:1:      dpeg_arrival_brainrot, layout_basic, serial_shops, shop_fountains,
          hellmonk_ecumenical_altar_inner_sanctum
D:2:      layout_basic
D:3:      layout_loops_ring, roderic_batcave
D:4:      layout_layer_cave, mainiacjoe_overflow_six_doors_small
D:5:      cheibrodos_fzero, layout_gridville, trog_wizard,
          minmay_temple_entry_slanted, serial_shops, shop, uniq_duvessa
D:6:      cheibrodos_quashed, layout_rooms, serial_glass, glass_columns_a,
          glass_columns_b, glass_columns_a, glass_columns_a,
          gammafunk_ghost_smash, st_stairs_3, corexii_checkpoint_a,
          uniq_prince_ribbit1, uniq_maggie

Skill      XL: |  1  2  3  4  5 |
---------------+----------------+-----
Stealth        | 1 2 |  2.0
Ranged Weapons | 4 5 6 |  6.9
Fighting       | |  1.9
Dodging        | |  1.9

Action                     |  1- 3 |  4- 6 || total
---------------------------+-------+-------++-------
  Melee: Quarterstaff      |     9 |       ||     9
   Fire: Shortbow          |    70 |    20 ||    90
         Sling             |       |    47 ||    47
    Use: Scroll            |       |     3 ||     3
 Armour: Leather armour    |    19 |    20 ||    39
  Dodge: Dodged            |    38 |    35 ||    73

Table legend: (Time is in decaauts)
 A = Elapsed time spent in this place.
 B = Non-inter-level travel time spent in this place.
 C = Inter-level travel time spent in this place.
 D = Time resting spent in this place.
 E = Time spent auto-exploring this place.
 F = Levels seen in this place.
 G = Mean time per level.
                   A        B        C        D        E       F      G
               +--------+--------+--------+--------+--------+-----+--------+
         Total |   2681 |   2551 |    130 |    316 |   1905 |   6 |  446.8 |
       Dungeon |   2681 |   2551 |    130 |    316 |   1905 |   6 |  446.8 |
               +--------+--------+--------+--------+--------+-----+--------+

Top non-repeatable levels by time:
     D:3: 775 daAuts
     D:2: 703 daAuts
     D:1: 627 daAuts
     D:4: 384 daAuts
     D:6: 189 daAuts
     D:5: 1 daAuts
